3L
NEW AMSTERDAM DUTCHMEN @ PORTLAND EVERGREENS
05/22/2027
 
TOP OF THE 1ST
New Amsterdam Dutchmen batting - Pitching for Portland Evergreens : RHP Antonio Godfrey
Pitching: RHP Antonio Godfrey
Batting: RHB Enrique Morales 0-0: Ground out 1-3 (Groundball, 15S)
Batting: RHB Menno van de Vlugt 0-0: Ball
1-0: Called Strike
1-1: Called Strike
1-2: Ball
2-2: Strikes out looking
Batting: RHB Hank Wilder 0-0: Called Strike
0-1: Fly out, F8 (Flyball, 8LD)
Top of the 1st over - 0 run(s), 0 hit(s), 0 error(s), 0 left on base; New Amsterdam 0 - Portland 0
BOTTOM OF THE 1ST
Portland Evergreens batting - Pitching for New Amsterdam Dutchmen : LHP Walt Coffman
Pitching: LHP Walt Coffman
Batting: RHB Silvio Bonauiti 0-0: Ball
1-0: Ball
2-0: Called Strike
2-1: Foul Ball, location: 2F
2-2: Foul Ball, location: 2F
2-2: Strikes out looking
Batting: LHB Gabriel Díaz 0-0: Called Strike
0-1: SINGLE (Groundball, 6D)
Batting: LHB John Ennis 0-0: Ball
1-0: Called Strike
1-1: Ground out 5-3 (Groundball, 56S)
Gabriel Díaz to second
Batting: LHB José Ruíz 0-0: Called Strike
0-1: Ball
1-1: Ball
2-1: Swinging Strike
2-2: Strikes out looking
Bottom of the 1st over - 0 run(s), 1 hit(s), 0 error(s), 1 left on base; New Amsterdam 0 - Portland 0
TOP OF THE 2ND
New Amsterdam Dutchmen batting - Pitching for Portland Evergreens : RHP Antonio Godfrey
Batting: LHB Eric Ward 0-0: Ball
1-0: Ball
2-0: Ball
3-0: Base on Balls
Batting: RHB Arturo Morales 0-0: Foul Ball, location: 2F
0-1: Ball
1-1: Ball
2-1: Fly out, F7 (Flyball, 7S)
Batting: RHB Alfredo Suárez 0-0: DOUBLE (Line Drive, 78D)
Eric Ward to third
Batting: RHB Quincy van Enk 0-0: Ball
1-0: Ground out 4-3 (Groundball, 4)
Eric Ward scores
Alfredo Suárez to third
Batting: RHB John Burton 0-0: Ball
1-0: Ball
2-0: Ball
3-0: Called Strike
3-1: Foul Ball, location: 2F
3-2: Foul Ball, location: 2F
3-2: SINGLE (Line Drive, 4)
Alfredo Suárez scores
Batting: RHB Omar Schuler 0-0: Ball
1-0: Called Strike
1-1: Called Strike
1-2: Ball
2-2: Ground out 5-3 (Groundball, 56S)
Top of the 2nd over - 2 run(s), 2 hit(s), 0 error(s), 1 left on base; New Amsterdam 2 - Portland 0
BOTTOM OF THE 2ND
Portland Evergreens batting - Pitching for New Amsterdam Dutchmen : LHP Walt Coffman
Batting: SHB Chris Williamson 0-0: Called Strike
0-1: Foul Ball, location: 2F
0-2: Ball
1-2: Strikes out looking
Batting: RHB Ty Struck 0-0: Swinging Strike
0-1: Ground out 1-3 (Groundball, P)
Batting: RHB Darrell Terwey 0-0: Ball
1-0: Foul Ball, location: 2F
1-1: Swinging Strike
1-2: Ball
2-2: Foul Ball, location: 2F
2-2: Fly out, F8 (Flyball, 89M)
Bottom of the 2nd over - 0 run(s), 0 hit(s), 0 error(s), 0 left on base; New Amsterdam 2 - Portland 0
TOP OF THE 3RD
New Amsterdam Dutchmen batting - Pitching for Portland Evergreens : RHP Antonio Godfrey
Batting: RHB Enrique Morales 0-0: Called Strike
0-1: Foul Ball, location: 2F
0-2: Fly out, F5 (Popup, 5S)
Batting: RHB Menno van de Vlugt 0-0: Fly out, F9 (Flyball, 9LS)
Batting: RHB Hank Wilder 0-0: DOUBLE (Line Drive, 7LD)
Batting: LHB Eric Ward 0-0: Intentional Walk
Batting: RHB Arturo Morales 0-0: Ball
1-0: SINGLE (Line Drive, 34D)
Hank Wilder to third
Eric Ward to second
Batting: RHB Alfredo Suárez 0-0: Ball
1-0: Ball
2-0: Called Strike
2-1: Foul Ball, location: 2F
2-2: Strikes out swinging
Top of the 3rd over - 0 run(s), 2 hit(s), 0 error(s), 3 left on base; New Amsterdam 2 - Portland 0
BOTTOM OF THE 3RD
Portland Evergreens batting - Pitching for New Amsterdam Dutchmen : LHP Walt Coffman
Batting: SHB Adrián Pueblo 0-0: Ball
1-0: SINGLE (Groundball, 56D)
Batting: RHB Bubba Blevins 0-0: Ball
1-0: Foul Ball, location: 2F
1-1: Foul Ball, location: 2F
1-2: Strikes out swinging
Batting: RHB Silvio Bonauiti 0-0: Foul Ball, location: 2F
0-1: Called Strike
0-2: Ball
1-2: Foul Ball, location: 2F
1-2: Ball
2-2: Ball
3-2: SINGLE (Flyball, 8RS)
Adrián Pueblo to second
Batting: LHB Gabriel Díaz 0-0: Called Strike
0-1: Called Strike
0-2: Foul Ball, location: 2F
0-2: Strikes out swinging
Batting: LHB John Ennis 0-0: Fly out, F8 (Flyball, 78D)
Bottom of the 3rd over - 0 run(s), 2 hit(s), 0 error(s), 2 left on base; New Amsterdam 2 - Portland 0
TOP OF THE 4TH
New Amsterdam Dutchmen batting - Pitching for Portland Evergreens : RHP Antonio Godfrey
Batting: RHB Quincy van Enk 0-0: Swinging Strike
0-1: Ball
1-1: Hit by Pitch
Batting: RHB John Burton 0-0: Ball
1-0: Swinging Strike
1-1: Foul Ball, location: 2F
1-2: Ball
2-2: Foul Ball, location: 2F
2-2: Fly out, F8 (Flyball, 8RM)
Batting: RHB Omar Schuler 0-0: Fielders Choice at 2nd, 4-6 (Groundball, 4)
Batting: RHB Enrique Morales 0-0: Swinging Strike
0-1: Ball
1-1: Ball
2-1: Swinging Strike
2-2: Ball
3-2: Foul Ball, location: 2F
3-2: Fly out, F9 (Flyball, 89D)
Top of the 4th over - 0 run(s), 0 hit(s), 0 error(s), 1 left on base; New Amsterdam 2 - Portland 0
BOTTOM OF THE 4TH
Portland Evergreens batting - Pitching for New Amsterdam Dutchmen : LHP Walt Coffman
Batting: LHB José Ruíz 0-0: Called Strike
0-1: Foul Ball, location: 2F
0-2: Ground out U3 (Groundball, 3)
Batting: SHB Chris Williamson 0-0: Ball
1-0: Foul Ball, location: 2F
1-1: Ball
2-1: Swinging Strike
2-2: Ball
3-2: Foul Ball, location: 2F
3-2: Foul Ball, location: 2F
3-2: Strikes out swinging
Batting: RHB Ty Struck 0-0: Swinging Strike
0-1: Foul Ball, location: 2F
0-2: Foul Ball, location: 2F
0-2: Fly out, F8 (Flyball, 8RS)
Bottom of the 4th over - 0 run(s), 0 hit(s), 0 error(s), 0 left on base; New Amsterdam 2 - Portland 0
TOP OF THE 5TH
New Amsterdam Dutchmen batting - Pitching for Portland Evergreens : RHP Antonio Godfrey
Batting: RHB Menno van de Vlugt 0-0: Ball
1-0: Foul Ball, location: 2F
1-1: SINGLE (Popup, 4D)
Batting: RHB Hank Wilder 0-0: Ball
1-0: Fielders Choice at 2nd, 5-4 (Groundball, 56)
Batting: LHB Eric Ward 0-0: Called Strike
0-1: SINGLE (Groundball, 34D)
Hank Wilder to second
Runner from 2nd tries for 3rd, OUT!
Eric Ward to second
Batting: RHB Arturo Morales 0-0: Swinging Strike
0-1: Fly out, F7 (Flyball, 7S)
Top of the 5th over - 0 run(s), 2 hit(s), 0 error(s), 1 left on base; New Amsterdam 2 - Portland 0
BOTTOM OF THE 5TH
Portland Evergreens batting - Pitching for New Amsterdam Dutchmen : LHP Walt Coffman
Batting: RHB Darrell Terwey 0-0: Foul Ball, location: 2F
0-1: Ball
1-1: Ground out 6-3 (Groundball, 6)
Batting: SHB Adrián Pueblo 0-0: Foul Ball, location: 2F
0-1: Called Strike
0-2: Ball
1-2: Ball
2-2: Ball
3-2: Fly out, F4 (Line Drive, 4)
Batting: RHB Bubba Blevins 0-0: Called Strike
0-1: Ground out 4-3 (Groundball, 4)
Bottom of the 5th over - 0 run(s), 0 hit(s), 0 error(s), 0 left on base; New Amsterdam 2 - Portland 0
TOP OF THE 6TH
New Amsterdam Dutchmen batting - Pitching for Portland Evergreens : RHP Antonio Godfrey
Batting: RHB Alfredo Suárez 0-0: Called Strike
0-1: Bunt for hit - play at first, batter safe!
Batting: RHB Quincy van Enk 0-0: Ball
1-0: Ball
2-0: Bunted foul
2-1: Bunted foul
2-2: Ball
3-2: Foul Ball, location: 2F
3-2: Fly out, F4 (Line Drive, 4)
Lined into DP, 4-3 (Line Drive, 4)
Batting: RHB John Burton 0-0: Fly out, F9 (Line Drive, 89M)
Top of the 6th over - 0 run(s), 1 hit(s), 0 error(s), 0 left on base; New Amsterdam 2 - Portland 0
BOTTOM OF THE 6TH
Portland Evergreens batting - Pitching for New Amsterdam Dutchmen : LHP Walt Coffman
Batting: RHB Silvio Bonauiti 0-0: Called Strike
0-1: Ball
1-1: Foul Ball, location: 2F
1-2: Ball
2-2: Ball
3-2: Base on Balls
Batting: LHB Gabriel Díaz 0-0: Ball
1-0: Ball
2-0: Bunted foul
2-1: Sac Bunt - play at first, batter OUT! 3-4
Silvio Bonauiti to second
Batting: LHB John Ennis 0-0: Fly out, F3 (Popup, 3L)
Batting: LHB José Ruíz 0-0: Foul Ball, location: 2F
0-1: Ball
1-1: Foul Ball, location: 2F
1-2: Ground out U3 (Groundball, 34S)
Bottom of the 6th over - 0 run(s), 0 hit(s), 0 error(s), 1 left on base; New Amsterdam 2 - Portland 0
TOP OF THE 7TH
New Amsterdam Dutchmen batting - Pitching for Portland Evergreens : RHP Antonio Godfrey
Batting: RHB Omar Schuler 0-0: Ball
1-0: Called Strike
1-1: Ball
2-1: Called Strike
2-2: Strikes out swinging, 2-3 out at first.
Batting: RHB Enrique Morales 0-0: Foul Ball, location: 2F
0-1: Called Strike
0-2: Fly out, F6 (Line Drive, 6D)
Batting: RHB Menno van de Vlugt 0-0: Called Strike
0-1: Ball
1-1: Foul Ball, location: 2F
1-2: SINGLE (Groundball, 6MD)
Batting: RHB Hank Wilder 0-0: SINGLE (Groundball, 6MD)
Menno van de Vlugt to second
Batting: LHB Eric Ward 0-0: Called Strike
0-1: Called Strike
0-2: Strikes out swinging
Top of the 7th over - 0 run(s), 2 hit(s), 0 error(s), 2 left on base; New Amsterdam 2 - Portland 0
BOTTOM OF THE 7TH
Portland Evergreens batting - Pitching for New Amsterdam Dutchmen : LHP Walt Coffman
Batting: SHB Chris Williamson 0-0: Ball
1-0: SINGLE (Groundball, 5D)
Batting: RHB Ty Struck 0-0: Ball
1-0: Called Strike
1-1: Ball
2-1: Foul Ball, location: 2F
2-2: Foul Ball, location: 2F
2-2: SINGLE (Groundball, 6D)
Chris Williamson to second
Batting: RHB Darrell Terwey 0-0: Called Strike
0-1: Sac Bunt - play at first, batter OUT! 1-3
Chris Williamson to third
Ty Struck to second
Batting: SHB Adrián Pueblo 0-0: Swinging Strike
0-1: Swinging Strike
0-2: Ball
1-2: Ball
2-2: Strikes out swinging
Batting: RHB Bubba Blevins 0-0: Swinging Strike
0-1: Swinging Strike
0-2: Ball
1-2: Ground out 5-3 (Groundball, 56)
Bottom of the 7th over - 0 run(s), 2 hit(s), 0 error(s), 2 left on base; New Amsterdam 2 - Portland 0
TOP OF THE 8TH
New Amsterdam Dutchmen batting - Pitching for Portland Evergreens : RHP Antonio Godfrey
Batting: RHB Arturo Morales 0-0: Ball
1-0: Foul Ball, location: 2F
1-1: Foul Ball, location: 2F
1-2: SOLO HOME RUN (Flyball, 8LXD), Distance : 433 ft
Batting: RHB Alfredo Suárez 0-0: Fly out, F9 (Flyball, 9S)
Batting: RHB Quincy van Enk 0-0: Foul Ball, location: 2F
0-1: DOUBLE (Line Drive, 78D)
Batting: RHB John Burton 0-0: Intentional Walk
Batting: RHB Omar Schuler 0-0: Fly out, F6 (Line Drive, 6)
Batting: RHB Enrique Morales 0-0: Fielders Choice at 2nd, 4-6 (Groundball, 4)
Top of the 8th over - 1 run(s), 2 hit(s), 0 error(s), 1 left on base; New Amsterdam 3 - Portland 0
BOTTOM OF THE 8TH
Portland Evergreens batting - Pitching for New Amsterdam Dutchmen : LHP Walt Coffman
Batting: RHB Silvio Bonauiti 0-0: Called Strike
0-1: Called Strike
0-2: Ground out 5-3 (Groundball, 56)
Batting: LHB Gabriel Díaz 0-0: Swinging Strike
0-1: Ground out 1-3 (Groundball, P)
Batting: LHB John Ennis 0-0: Ball
1-0: Called Strike
1-1: Fly out, F8 (Flyball, 8LD)
Bottom of the 8th over - 0 run(s), 0 hit(s), 0 error(s), 0 left on base; New Amsterdam 3 - Portland 0
TOP OF THE 9TH
New Amsterdam Dutchmen batting - Pitching for Portland Evergreens : RHP Antonio Godfrey
Batting: RHB Menno van de Vlugt 0-0: Swinging Strike
0-1: Swinging Strike
0-2: Ball
1-2: Foul Ball, location: 2F
1-2: SINGLE (Line Drive, 9S)
Batting: RHB Hank Wilder 0-0: Called Strike
0-1: Ball
1-1: Fly out, F4 (Popup, 34D)
Pitching: RHP William Waters
Batting: LHB Eric Ward 0-0: Ball
1-0: Ball
2-0: Ball
3-0: Called Strike
3-1: Called Strike
3-2: Base on Balls
Menno van de Vlugt to second
Batting: RHB Arturo Morales 0-0: Ball
1-0: Foul Ball, location: 2F
1-1: Ball
2-1: Foul Ball, location: 2F
2-2: Ball
3-2: Foul Ball, location: 2F
3-2: Fly out, F6 (Popup, 56D)
Batting: RHB Alfredo Suárez 0-0: Called Strike
0-1: Ball
1-1: Fly out, F7 (Flyball, 7S)
Top of the 9th over - 0 run(s), 1 hit(s), 0 error(s), 2 left on base; New Amsterdam 3 - Portland 0
BOTTOM OF THE 9TH
Portland Evergreens batting - Pitching for New Amsterdam Dutchmen : LHP Walt Coffman
Batting: LHB José Ruíz 0-0: Fly out, F9 (Flyball, 9LD)
Batting: SHB Chris Williamson 0-0: Called Strike
0-1: Swinging Strike
0-2: Fly out, F8 (Flyball, 8RS)
Batting: RHB Ty Struck 0-0: Ball
1-0: Called Strike
1-1: Called Strike
1-2: Strikes out swinging
Bottom of the 9th over - 0 run(s), 0 hit(s), 0 error(s), 0 left on base; New Amsterdam 3 - Portland 0
Saturday, May 26th, 2018 - OOTP Baseball 17.12 Build 75